 Dungeon Crawl Stone Soup version 0.18-b1-2-gd0c887e (webtiles) character file.

2774 Gargoyl the Covered (level 9, -2/68 HPs)
             Began as a Demonspawn Abyssal Knight on Apr 28, 2016.
             Was an Elder of Lugonu.
             Slain by a wyvern (12 damage)
             ... on level 8 of the Dungeon.
             The game lasted 00:28:01 (10945 turns).

Gargoyl the Covered (Demonspawn Abyssal Knight)    Turns: 10945, Time: 00:28:02

Health: -2/68      AC: 20    Str: 15    XL:     9   Next: 42%
Magic:  11/11      EV:  6    Int: 15    God:    Lugonu [****..]
Gold:   116        SH: 14    Dex: 14    Spells: 0 memorised, 8 levels left

rFire  . . .     SeeInvis .     a - +1 hand axe
rCold  . . .     Gourm    .     i - +0 chain mail
rNeg   + . .     Faith    .     d - +0 shield
rPois  .         Spirit   .     (helmet restricted)
rElec  .         Dismiss  .     j - +0 cloak
rCorr  .         Reflect  +     l - +1 pair of gloves
SustAt .         Harm     .     C - +0 pair of boots
MR     +....     Rnd*Tele +     u - +4 amulet of reflection
Stlth  ..........               e - ring of positive energy
                                v - +5 ring of protection

@: somewhat resistant to hostile enchantments, extremely unstealthy
A: antennae 1, thin skeletal structure 2, clumsy 1, demonic guardian 1, magic
resistance 1, screaming 2, teleportitis 1, evolution 1
a: Depart the Abyss, Bend Space, Banish, Corrupt, Renounce Religion


You were on level 8 of the Dungeon.
You worshipped Lugonu.
Lugonu was greatly pleased with you.
You were not hungry.

You visited 1 branch of the dungeon, and saw 8 of its levels.
You visited the Abyss 1 time.

You collected 366 gold pieces.
You spent 250 gold pieces at shops.

Inventory:

Hand Weapons
 a - a +1 hand axe (weapon)
 h - a +1 flail
 m - a +0 spear
 o - a +0 blowgun
Missiles
 t - 51 poisoned needles
 z - 5 tomahawks (quivered)
Armour
 d - a +0 shield (worn)
 i - a +0 chain mail (worn)
 j - a +0 cloak (worn)
 l - a +1 pair of gloves (worn)
 C - a +0 pair of boots (worn)
Jewellery
 e - a ring of positive energy (right hand)
 n - an uncursed ring of wizardry {unknown}
 u - a +4 amulet of reflection (around neck)
 v - a +5 ring of protection (left hand)
 w - an uncursed ring of protection from fire {unknown}
Wands
 r - a wand of digging (7/24)
 y - a wand of paralysis (13/24)
Scrolls
 f - 4 scrolls of identify
 g - a scroll of teleportation {unknown}
 q - a scroll of enchant weapon
 s - a scroll of fog
Potions
 x - 2 potions of flight
 A - a potion of degeneration {unknown}
Comestibles
 c - 6 bread rations
 k - 3 beef jerkies
 p - 3 meat rations


   Skills:
 + Level 5.1 Fighting
 + Level 4.5 Axes
 + Level 0.1(2.7) Maces & Flails
 + Level 1.7 Throwing
 * Level 7.1 Armour
 + Level 4.4 Dodging
 + Level 1.4 Stealth
 + Level 5.4 Shields
 + Level 2.9 Invocations


You had 8 spell levels left.
You didn't know any spells.

Dungeon Overview and Level Annotations

Branches:
Dungeon (8/15)             Temple (0/1) D:5
   Lair: D:8-11

Altars:
Cheibriados
Elyvilon
Fedhas
Gozag
Nemelex Xobeh
Okawaru
Trog
Xom
Yredelemnul
The Shining One

Shops:
D:4 =

Annotations:
Abyss:1 Dowan


Innate Abilities, Weirdness & Mutations

You have a pair of small antennae on your head.
You have a moderately thin skeletal structure (Dex +4, Stealth+).
A weak demonic guardian rushes to your aid.
You are clumsy. (Dex -2)
You are resistant to hostile enchantments.
You sometimes yell uncontrollably at your foes.
You are occasionally teleported next to monsters.
You evolve.


Message History

The wyvern is almost dead.
The wyvern closely misses you.
The worker ant bites you but does no damage.
The wyvern bites you!
* * * LOW HITPOINT WARNING * * *
You block the worker ant's attack.
You hit the worker ant.
You kill the worker ant!
Lugonu accepts your kill.
You hit the wyvern.
The wyvern is almost dead.
You feel sick. The wyvern barely misses you. The wyvern bites you!
* * * LOW HITPOINT WARNING * * *
Drink which item? (? for menu, Esc to quit)
You feel better. You block the wyvern's attack.
You hit the wyvern.
The wyvern is almost dead.
The wyvern bites you but does no damage.
The wyvern bites you!
You die...

######### #.......#
#.....(.# ###
#......%# ..#
....._... ...
#....?..# #.#
#†l.....#
#.####@)...... #
#.#..(........
##.#####.#.####....?.
##......#.#.#####.#.##
#.................# .#
..####.#.#####..## #
#..####.#.# #
..........#
#..#.##<###


You could see a wyvern.

Vanquished Creatures
  The ghost of flinch the Shooter, an amateur HEHu of Okawaru (D:7)
  Eustachio (D:4)
  An orc warrior (D:6)
  2 sky beasts (D:6)
  2 centaurs
  2 ogres
  2 giant frogs
  3 scorpions
  A howler monkey (D:7)
  A crimson imp (D:6)
  2 orc priests (D:4)
  An iron imp (D:5)
  9 orc wizards
  2 iguanas
  4 worker ants
  A hound zombie (D:5)
  A hound skeleton (D:4)
  10 adders
  A howler monkey skeleton (D:6)
  A shadow imp (D:7)
  An ooze (D:1)
  3 adder skeletons
  4 worms
  2 giant geckos (D:2)
  17 orcs
  4 ball pythons
  4 giant cockroaches
  6 goblins
  4 hobgoblins
  4 jackals (D:4)
  2 quokkas
  8 bats
  A giant gecko zombie (D:7)
  7 giant newts
  17 kobolds
  7 rats
  A bush (D:5)
140 creatures vanquished.

Vanquished Creatures (collateral kills)
  Grinder (D:3)
  Duvessa (D:6)
  An ice beast (D:6)
  An ogre (D:7)
  2 centaurs
  A big kobold (D:5)
  A giant frog (D:7)
  A crimson imp (D:7)
  A hound (D:7)
  5 orc wizards
  An adder (D:7)
  5 orcs
  A quokka (D:7)
  A kobold (D:5)
23 creatures vanquished.

Vanquished Creatures (others)
  A troll (D:5)
  2 centaurs (D:7)
3 creatures vanquished.

Grand Total: 166 creatures vanquished

Notes
Turn   | Place    | Note
--------------------------------------------------------------
     0 | Abyss:1  | Gargoyl the Demonspawn Abyssal Knight began the quest for the Orb.
     0 | Abyss:1  | Reached XP level 1. HP: 18/18 MP: 2/2
    36 | D:1      | Escaped the Abyss
   323 | D:1      | Reached skill level 1 in Dodging
   413 | D:1      | Reached skill level 2 in Armour
   588 | D:1      | Gained mutation: A weak demonic guardian rushes to your aid. [demonic ancestry]
   588 | D:1      | Reached XP level 2. HP: 22/24 MP: 3/3
   683 | D:1      | Reached * piety under Lugonu
  1444 | D:2      | Found a snail-covered altar of Cheibriados.
  1594 | D:2      | Reached XP level 3. HP: 29/29 MP: 4/4
  2671 | D:3      | Reached ** piety under Lugonu
  2684 | D:3      | Gained mutation: You are clumsy. (Dex -2) [potion of mutation]
  2684 | D:3      | Gained mutation: You have a pair of small horns on your head. [potion of mutation]
  2684 | D:3      | Gained mutation: Your mind is acute. (Int +2) [potion of mutation]
  2693 | D:3      | Gained mutation: You have a somewhat thin skeletal structure (Dex +2, Stealth). [demonic ancestry]
  2693 | D:3      | Reached XP level 4. HP: 24/35 MP: 5/5
  2964 | D:3      | Noticed Grinder
  2989 | D:3      | Killed Grinder
  2989 | D:3      | Reached skill level 3 in Armour
  2989 | D:3      | Reached skill level 1 in Shields
  2989 | D:3      | Gained mutation: You have a moderately thin skeletal structure (Dex +4, Stealth+). [demonic ancestry]
  2989 | D:3      | Reached XP level 5. HP: 42/42 MP: 6/6
  3160 | D:3      | Reached XP level 6. HP: 48/48 MP: 7/7
  3540 | D:4      | Reached skill level 4 in Armour
  3738 | D:4      | Got an encrusted chain mail
  3739 | D:4      | Identified the +2 chain mail of the Gusle {+Inv +Fly Int+3 Dex-3} (You found it on level 4 of the Dungeon)
  3747 | D:4      | Noticed Eustachio
  3798 | D:4      | Killed Eustachio
  4067 | D:4      | Found Gehoiluw's Jewellery Shop.
  4135 | D:4      | Found an opulent altar of Gozag.
  4374 | D:4      | Lost mutation: You have a pair of small horns on your head. [demonic ancestry]
  4374 | D:4      | Gained mutation: You have a pair of small antennae on your head. [demonic ancestry]
  4374 | D:4      | Reached XP level 7. HP: 49/54 MP: 8/8
  4704 | D:4      | Found a sparkling altar of Nemelex Xobeh.
  4707 | D:4      | Found an iron altar of Okawaru.
  4708 | D:4      | Found a white marble altar of Elyvilon.
  4832 | D:4      | Reached *** piety under Lugonu
  4911 | D:4      | Lost mutation: You are clumsy. (Dex -2) [potion of cure mutation]
  4911 | D:4      | Lost mutation: Your mind is acute. (Int +2) [potion of cure mutation]
  5144 | D:4      | Gained mutation: Your spells are a little easier to cast, but a little less powerful. [potion of mutation]
  5144 | D:4      | Lost mutation: Your spells are a little easier to cast, but a little less powerful. [potion of mutation]
  5144 | D:4      | Gained mutation: You are clumsy. (Dex -2) [potion of mutation]
  5145 | D:4      | Gained mutation: You occasionally shout uncontrollably at your foes. [potion of mutation]
  5145 | D:4      | Gained mutation: You are resistant to hostile enchantments. [potion of mutation]
  5145 | D:4      | Gained mutation: You sometimes yell uncontrollably at your foes. [potion of mutation]
  5266 | D:5      | Entered Level 5 of the Dungeon
  5528 | D:5      | Reached skill level 1 in Throwing
  5542 | D:5      | Found a staircase to the Ecumenical Temple.
  5686 | D:5      | Gained mutation: You are occasionally teleported next to monsters. [potion of mutation]
  5715 | D:5      | Noticed a troll
  5720 | D:5      | Reached skill level 5 in Armour
  5999 | D:6      | Gained mutation: Your magical capacity is low (-10% MP). [mutagenic meat]
  6150 | D:5      | Banished a troll
  6150 | D:5      | Reached XP level 8. HP: 11/61 MP: 8/8
  6437 | D:5      | Found a basalt altar of Yredelemnul.
  6440 | D:5      | Noticed a profane servitor
  6460 | D:5      | Found a glowing golden altar of the Shining One.
  6462 | D:5      | Noticed an angel
  7034 | D:4      | Bought a +4 amulet of reflection for 250 gold pieces
  7664 | D:5      | Found a snail-covered altar of Cheibriados.
  8185 | D:6      | Noticed Duvessa
  8185 | D:6      | Noticed Dowan
  8197 | D:6      | Killed Duvessa
  8202 | D:6      | Banished Dowan
  8202 | D:6      | Reached skill level 6 in Armour
  8541 | D:6      | Reached skill level 1 in Stealth
  8992 | D:6      | Found a shimmering altar of Xom.
  9471 | D:7      | Noticed flinch's ghost (amateur HEHu)
  9538 | D:7      | Killed flinch's ghost
  9538 | D:7      | Reached XP level 9. HP: 67/67 MP: 10/10
  9574 | D:6      | Gained mutation: You evolve. [mutagenic meat]
  9896 | D:7      | Reached skill level 5 in Fighting
  9896 | D:7      | Reached skill level 5 in Shields
  9903 | D:7      | Found a bloodstained altar of Trog.
  9959 | D:7      | Reached **** piety under Lugonu
 10074 | D:7      | Lost mutation: Your magical capacity is low (-10% MP). [evolution]
 10512 | D:7      | Reached skill level 7 in Armour
 10919 | D:8      | Found a blossoming altar of Fedhas.
 10945 | D:8      | Slain by a wyvern

Skill      XL: |  1  2  3  4  5  6  7  8  9 |
---------------+----------------------------+-----
Dodging        | 1 2 3 4 |  4.4
Armour         | 2 3 4 5 6 7 |  7.1
Axes           | 2 3 4 |  4.5
Shields        | 1 2 3 4 5 |  5.4
Fighting       | 4 5 |  5.1
Throwing       | 1 |  1.7
Stealth        | 1 |  1.4
Maces & Flails | |  0.1
Invocations    | |  2.9

Action                   |  1- 3 |  4- 6 |  7- 9 || total
-------------------------+-------+-------+-------++-------
Melee: Hand axe          |   154 |   132 |   676 ||   962
       Headbutt          |       |    23 |       ||    23
       Flail             |       |       |    31 ||    31
 Fire: Blowgun           |       |     8 |     8 ||    16
Invok: Depart the Abyss  |     1 |       |       ||     1
       Banish            |       |       |     2 ||     2
  Use: Potion            |     4 |       |    13 ||    17
       Scroll            |       |     8 |     4 ||    12
 Stab: Sleeping          |     1 |       |       ||     1
       Distracted        |       |     1 |     3 ||     4
  Eat: Bread ration      |     1 |       |     1 ||     2
       Chunk             |     1 |     6 |    18 ||    25
       Fruit             |       |       |     6 ||     6
Armor: Leather armour    |    25 |       |       ||    25
       Ring mail         |    45 |       |       ||    45
       Skin              |     1 |       |       ||     1
       Chain mail        |       |   161 |   364 ||   525
Dodge: Dodged            |    64 |    44 |   120 ||   228
Block: Shield            |    74 |    88 |   410 ||   572
       Reflection        |       |       |    21 ||    21
